 Dungeon Crawl Stone Soup version 0.27-a0-695-gb4952372f7 (webtiles) character file.

Game seed: 4699857125107247277

24096 Gaff the Slinger (level 13, -6/86 HPs)
             Began as a Halfling Hunter on Mar 22, 2021.
             Was an Initiate of Gozag.
             Mangled by Rupert
             ... wielding a +2 executioner's axe of freezing
              (7 damage)
             ... on level 13 of the Dungeon.
             The game lasted 01:12:22 (16943 turns).

Gaff the Slinger (Halfling Hunter)                 Turns: 16943, Time: 01:12:22

Health: -6/86      AC: 11    Str: 17    XL:     13   Next: 40%
Magic:  13/13      EV: 25    Int: 12    God:    Gozag
Gold:   2226       SH:  0    Dex: 25    Spells: 12/12 levels left

rFire    . . .     SeeInvis .   b - +10 mace of Imbalance {drain, +Blink rN+ Int+3 Dex+3}
rCold    . . .     Faith    .   (shield restricted)
rNeg     + + .     Spirit   .   H - +5 leather armour of Thoughtfulness {rN+}
rPois    .         Reflect  .   C - +0 helmet
rElec    .         Harm     .   (no cloak)
rCorr    .         Rampage  .   f - +0 pair of gloves
Will     +....                  (no boots)
Stlth    +++.......             F - amulet of regeneration
HPRegen  1.24/turn              y - +6 ring of dexterity
MPRegen  0.13/turn              v - ring of willpower

@: no status effects
A: small, no large weapons, mutation resistance 1
a: Renounce Religion, Evoke Blink, Potion Petition, Call Merchant, Bribe Branch


You were on level 13 of the Dungeon.
You worshipped Gozag.
Gozag was most pleased with you.
You visited 2 branches of the dungeon, and saw 14 of its levels.

You collected 2579 gold pieces.
You spent 216 gold pieces at shops.
You paid 137 gold pieces to Gozag.

Inventory:

Hand Weapons
 a - a +3 hunting sling of flaming
 b - the +10 mace of Imbalance (weapon) {drain, +Blink rN+ Int+3 Dex+3}
   (You found it on level 4 of the Dungeon)

   A truly terrible weapon, it drains the life of those it strikes.
   It affects your intelligence (+3).
   It affects your dexterity (+3).
   It protects you from negative energy.
   It lets you blink.
 g - the +5 flail of Darkness {antimagic, rF+ Int+4}
   (You found it on level 10 of the Dungeon)

   It reduces the magical energy of the wielder, and disrupts the spells and
   magical abilities of those hit.
   Natural abilities and divine invocations are not affected.
   It affects your intelligence (+4).
   It protects you from fire.
 s - a +2 dagger of venom
 t - a +1 hunting sling
 Z - a +4 dagger
Missiles
 d - 90 sling bullets
 e - 277 stones (quivered)
 q - 22 poisoned darts
 G - a curare-tipped dart
 J - 3 throwing nets
Armour
 c - a +2 robe of cold resistance
 f - a +0 pair of gloves (worn)
 z - a +0 ring mail of fire resistance
 C - a +0 helmet (worn)
 H - the +5 leather armour of Thoughtfulness (worn) {rN+}
   (You found it on level 6 of the Dungeon)

   It protects you from negative energy.
 P - a +1 robe of fire resistance
Jewellery
 i - a +4 ring of protection
 m - a ring of resist corrosion
 v - a ring of willpower (left hand)
 y - a +6 ring of dexterity (right hand)
 F - an amulet of regeneration (around neck)
 N - a ring of positive energy
 S - an amulet of the acrobat
 V - a +6 ring of strength
Wands
 p - a wand of mindburst (6)
 B - a wand of paralysis (11)
 Q - a wand of flame (25)
 R - a wand of polymorph (21)
 T - a wand of iceblast (6)
 W - a wand of digging (5)
 Y - a wand of acid (21)
Scrolls
 h - 3 scrolls of silence
 j - 2 scrolls of blinking
 u - 2 scrolls of noise {unknown}
 A - a scroll of brand weapon
 D - a scroll of acquirement
 E - a scroll of teleportation
 K - 2 scrolls of fear
 L - a scroll of enchant armour
 O - 5 scrolls of magic mapping {unknown}
 U - a scroll of enchant weapon
Potions
 k - 4 potions of haste
 l - 3 potions of heal wounds {unknown}
 n - 2 potions of ambrosia {unknown}
 o - 8 potions of curing {unknown}
 r - a potion of lignification {unknown}
 w - a potion of attraction {unknown}
 x - a potion of brilliance
 I - 2 potions of might
 M - 2 potions of berserk rage
 X - 2 potions of flight


   Skills:
 - Level 7.2 Fighting
 + Level 9.8 Maces & Flails
 - Level 14.3 Slings
 - Level 8.2 Armour
 + Level 11.9 Dodging
 - Level 3.0 Stealth
 - Level 5.4 Evocations


You had 12 spell levels left.
You didn't know any spells.
Your spell library contained the following spells:

 Spells                   Type           Power      Damage    Failure   Level
 Shock                    Conj/Air       0%         1d3       36%         1
 Swiftness                Air            0%         N/A       50%         2
 Confusing Touch          Hex            0%         N/A       75%         3
 Gell's Gravitas          Tloc           0%         N/A       75%         3
 Static Discharge         Conj/Air       0%         N/A       75%         3
 Airstrike                Air            0%         N/A       98%         4
 Petrify                  Tmut/Erth      0%         N/A       98%         4
 Lightning Bolt           Conj/Air       0%         1d11      100%        5
 Metabolic Englaciation   Hex/Ice        0%         N/A       100%        5
 Yara's Violent Unravell  Hex/Tmut       0%         3d3       100%        5


Dungeon Overview and Level Annotations

Branches:
Dungeon (13/15)            Temple (1/1) D:7            Lair (0/6) D:10
    Orc (0/2) D:12         Vaults (0/5) D:13

Altars:
Ashenzari
Cheibriados
Dithmenos
Elyvilon
Fedhas
Gozag
Hepliaklqana
Kikubaaqudgha
Makhleb
Nemelex Xobeh
Okawaru
Qazlal
Ru
Sif Muna
Trog
Uskayaw
Vehumet
Wu Jian
Xom
Yredelemnul
Zin
The Shining One
Beogh

Shops:
D:10 ((?=   D:12 =

Annotations:
D:4 4 runed translucent doors, CakeIsGreat's ghost, amateur GrEE; Crazy Yiuf
D:7 2 transporters
D:9 3 runed translucent doors, Tegun's ghost, novice OpIE
D:13 Rupert


Innate Abilities, Weirdness & Mutations

You are small and have problems with some larger weapons.
You are somewhat resistant to further mutation.


Message History

Rupert screams, "You killed all those lovely monsters, you murderer!"
Rupert throws a throwing net.
The throwing net hits you.
You become entangled in the net!
You see here a throwing net.
You struggle against the net.
You struggle against the net.
You tear a large gash into the net.
Rupert looks confused.
You rip the net and break free!
Rupert hits you with a +2 executioner's axe of freezing!
Rupert freezes you.
You hit Rupert but do no damage. You drain Rupert.
Rupert is lightly wounded.
Rupert roars madly and goes into a rage!
Rupert goes berserk!
You sock Rupert!
Rupert is lightly wounded.
Rupert completely misses you.
Rupert hits you with a +2 executioner's axe of freezing!!
Rupert freezes you.
You hit Rupert. You drain Rupert.
Rupert is lightly wounded.
Rupert completely misses you.
You hit Rupert. You drain Rupert.
Rupert is lightly wounded.
Rupert hits you with a +2 executioner's axe of freezing!!!
* * * LOW HITPOINT WARNING * * *
Rupert freezes you.
* * * LOW HITPOINT WARNING * * *
You hit Rupert. You drain Rupert.
Rupert is lightly wounded.
Rupert misses you. Rupert completely misses you. Rupert misses you.
Rupert misses you.
Rupert rages.
Rupert hits you with a +2 executioner's axe of freezing!!
* * * LOW HITPOINT WARNING * * *
Rupert freezes you!
You die...
Your body crumbles into a pile of gold.

........#..#.##..##.#..#.........
........#.#.#.#..#.#.#.#.........
........#..##.#..#.##..#.........
.......<#.#..).......#.#.........
........#####.#..#.#####.........
........[[..................##...
...........))...........)...##...
........#####.#..#.#####.........
........#.#.....@....#.#.........
........#..##.#.@#.##..#....##)..
........#.#.#.#..#.#.#.#....##.z.
........#..#.##..##.#..#........$
........#.....#..#.....#.......))
........#######..#######....#'###
........ #..............#....
........ #..............#.###
#..............#.#


You could see Rupert (berserk, drained).

Vanquished Creatures
  Josephine (D:12)
  3 boulder beetles
  A hydra (D:11)
  An ogre mage (D:13)
  A two-headed ogre (D:9)
  A deep elf archer (D:13)
  An orc knight (D:12)
  2 deep elf pyromancers (D:13)
  A deep elf zephyrmancer (D:13)
  Pikel (D:8)
  2 ugly things
  2 cyclopes
  Maurice (D:11)
  A komodo dragon (D:10)
  5 trolls
  Prince Ribbit (D:7)
  A hornet (D:8)
  3 wyverns
  6 wraiths
  12 yaks
  3 vampire mosquitoes (D:13)
  Menkaure (D:7)
  Edmund (D:2)
  A water moccasin (D:8)
  7 orc warriors
  2 black bears
  3 ice beasts
  4 sky beasts
  12 ogres
  15 centaurs
  2 phantoms
  Blork the orc (D:4)
  9 bullfrogs
  2 kobold brigands (D:10)
  2 gnoll sergeants
  A wyvern zombie (D:10)
  5 scorpions
  A water moccasin skeleton (D:7)
  3 killer bees (D:9)
  4 wights (D:10)
  An electric eel (D:8)
  4 howler monkeys
  2 bullfrog zombies (D:12)
  A quasit (D:9)
  3 hounds
  6 jellies
  3 centaur zombies
  3 bullfrog skeletons
  A gnoll shaman (D:9)
  6 orc priests
  7 centaur skeletons
  3 iguanas
  9 orc wizards
  8 worker ants
  A hound zombie (D:9)
  2 hound skeletons
  A howler monkey zombie (D:7)
  3 worker ant zombies
  A howler monkey skeleton (D:8)
  7 adders
  18 gnolls
  2 shadow imps
  2 white imps
  2 ufetubi
  An ooze (D:1)
  2 adder zombies (D:9)
  An adder skeleton (D:6)
  3 worms
  3 dart slugs
  7 leopard geckos
  45 orcs
  2 ball pythons
  4 giant cockroaches
  7 goblins
  6 hobgoblins
  3 jackals (D:2)
  3 kobolds
  5 quokkas
  6 bats
  3 frilled lizards
  9 rats
332 creatures vanquished.

Vanquished Creatures (others)
  A sky beast (D:11)
  10 plants (D:10)
11 creatures vanquished.

Grand Total: 343 creatures vanquished

Notes
Turn   | Place    | Note
-------+----------+-------------------------------------------
     0 | D:1      | Gaff the Halfling Hunter began the quest for the Orb.
     0 | D:1      | Reached XP level 1. HP: 14/14 MP: 1/1
    25 | D:1      | Reached skill level 6 in Slings
   108 | D:1      | Reached XP level 2. HP: 18/19 MP: 2/2
   602 | D:1      | Reached XP level 3. HP: 23/24 MP: 3/3
   929 | D:1      | Reached skill level 7 in Slings
  1619 | D:2      | Reached XP level 4. HP: 21/29 MP: 4/4
  2946 | D:3      | Reached XP level 5. HP: 34/34 MP: 5/5
  3382 | D:3      | Reached skill level 8 in Slings
  4005 | D:3      | Reached XP level 6. HP: 7/39 MP: 6/6
  4904 | D:4      | Noticed an ogre
  5111 | D:2      | Killed an ogre
  5112 | D:2      | Reached skill level 9 in Slings
  5112 | D:2      | Reached skill level 1 in Armour
  5373 | D:4      | Identified the +10 mace of Imbalance {drain, +Blink rN+
                  | Int+3 Dex+3}
  5376 | D:4      | Found a runed translucent door.
  5377 | D:4      | Noticed Crazy Yiuf
  5472 | D:4      | Noticed Blork the orc
  5476 | D:4      | Killed Blork the orc
  5477 | D:4      | Reached XP level 7. HP: 34/45 MP: 7/7
  5688 | D:4      | Found a runed translucent gate.
  5688 | D:4      | Found a runed translucent gate.
  5689 | D:4      | Found a runed translucent gate.
  5689 | D:4      | Noticed CakeIsGreat's ghost (amateur GrEE)
  5703 | D:4      | Noticed Edmund
  5930 | D:2      | Killed Edmund
  5931 | D:2      | Reached skill level 10 in Slings
  6215 | D:5      | Entered Level 5 of the Dungeon
  6448 | D:5      | Reached skill level 11 in Slings
  6448 | D:5      | Reached XP level 8. HP: 50/50 MP: 8/8
  6985 | D:5      | Reached skill level 12 in Slings
  7172 | D:5      | Identified the +5 rapier "Jukoxkoll" {drain, Int+5}
  7275 | D:5      | Found a sparkling altar of Nemelex Xobeh.
  7471 | D:6      | Reached skill level 1 in Maces & Flails
  7836 | D:6      | Identified the +5 leather armour of Thoughtfulness {rN+}
  7950 | D:6      | Reached XP level 9. HP: 58/58 MP: 9/9
  7977 | D:6      | Reached skill level 13 in Slings
  7998 | D:6      | Identified a scroll of acquirement
  8704 | D:7      | Found a transporter.
  8709 | D:7      | Found a transporter.
  8804 | D:7      | Noticed Menkaure
  8812 | D:7      | Killed Menkaure
  8861 | D:7      | Noticed Prince Ribbit
  8882 | D:7      | Killed Prince Ribbit
  8883 | D:7      | Reached skill level 14 in Slings
  8984 | D:7      | Found a staircase to the Ecumenical Temple.
  8993 | D:7      | Reached skill level 5 in Fighting
  9037 | Temple   | Entered the Ecumenical Temple
  9426 | Temple   | Became a worshipper of Gozag Ym Sagoz the Greedy
  9950 | D:8      | Reached XP level 10. HP: 66/66 MP: 10/10
  9970 | D:8      | Noticed Pikel
  9991 | D:8      | Killed Pikel
 10061 | D:8      | Reached skill level 5 in Armour
 10061 | D:8      | Reached skill level 5 in Dodging
 10478 | D:8      | Identified the +4 robe of Perpetual Drought {Dex+4}
 11136 | D:9      | Reached skill level 1 in Evocations
 11214 | D:9      | Reached skill level 5 in Maces & Flails
 11538 | D:9      | Reached XP level 11. HP: 71/71 MP: 11/11
 11644 | D:9      | Found a runed translucent gate.
 11644 | D:9      | Found a runed translucent gate.
 11644 | D:9      | Found a runed translucent gate.
 11645 | D:9      | Noticed Tegun's ghost (novice OpIE)
 11645 | D:9      | Noticed a red ugly thing
 11646 | D:9      | Noticed a tengu warrior
 11713 | D:9      | Found a bloodstained altar of Trog.
 12021 | D:10     | Entered Level 10 of the Dungeon
 12118 | D:10     | Noticed a two-headed ogre
 12197 | D:9      | Killed a two-headed ogre
 12488 | D:10     | Found Goifautt's Magic Scroll Boutique.
 12491 | D:10     | Bought a scroll of identify for 24 gold pieces
 12491 | D:10     | Bought a scroll of identify for 24 gold pieces
 12491 | D:10     | Bought a scroll of identify for 24 gold pieces
 12491 | D:10     | Bought a scroll of identify for 24 gold pieces
 12495 | D:10     | Bought a scroll of identify for 24 gold pieces
 12495 | D:10     | Bought a scroll of identify for 24 gold pieces
 12495 | D:10     | Bought a scroll of identify for 24 gold pieces
 12495 | D:10     | Bought a scroll of identify for 24 gold pieces
 12501 | D:10     | Bought a scroll of identify for 24 gold pieces
 12527 | D:10     | Found Wehigupu's Jewellery Boutique.
 12628 | D:10     | Found a staircase to the Lair.
 12760 | D:10     | Reached skill level 5 in Evocations
 12792 | D:10     | Found Eday's Weapon Emporium.
 12830 | D:10     | Found Atoist's Weapon Boutique.
 13014 | D:10     | Identified the +5 flail of Darkness {antimagic, rF+ Int+4}
 13216 | D:10     | Found a blossoming altar of Fedhas.
 13389 | D:11     | Noticed a four-headed hydra
 13561 | D:11     | Noticed a boulder beetle
 13581 | D:11     | Noticed a boulder beetle
 13657 | D:11     | Killed a four-headed hydra
 13781 | D:11     | Noticed Maurice
 13810 | D:11     | Killed Maurice
 13811 | D:11     | Reached XP level 12. HP: 62/80 MP: 12/12
 13897 | D:11     | Noticed a boulder beetle
 14112 | D:11     | Killed a boulder beetle
 14265 | D:11     | Killed a boulder beetle
 14549 | D:12     | Found a staircase to the Orcish Mines.
 14719 | D:12     | Noticed a boulder beetle
 14769 | D:12     | Killed a boulder beetle
 14992 | D:12     | Found Nosionarep's Jewellery Emporium.
 15684 | D:13     | Noticed Josephine
 15848 | D:13     | Reached skill level 10 in Dodging
 15861 | D:13     | Noticed Rupert
 16034 | D:12     | Killed Josephine
 16268 | D:13     | Reached XP level 13. HP: 75/86 MP: 13/13
 16369 | D:13     | Noticed an ogre mage
 16508 | D:13     | Killed an ogre mage
 16893 | D:13     | Found a gate to the Vaults.
 16943 | D:13     | HP: 1/86 [Rupert/+2 executioner's axe of freezing (18)]
 16943 | D:13     | Mangled by Rupert

Illustrated notes

Levels and vault maps discovered:
D:1:      minmay_arrival_semitransparent, layout_basic
D:2:      layout_loops_ring, grunt_ministairs_7
D:3:      layout_basic
D:4:      layout_basic, ebering_ghost_rock_garden, uniq_crazy_yiuf_cottage,
          uniq_blork_the_orc, uniq_edmund
D:5:      layout_cave_pools, nicolae_overflow_crystal_walls, lightli_minifort
D:6:      layout_rooms
D:7:      gammafunk_beogh_shrine, layout_loops_corners,
          minmay_temple_entry_mini_moons, kennysheep_donut, minmay_liquid_box,
          grunt_decor_resistance, uniq_prince_ribbit1, uniq_menkaure
D:8:      layout_loops_corners, serial_glass, glass_columns_b, glass_columns_b,
          glass_columns_a, glass_columns_a, glass_columns_b, glass_columns_a,
          nicolae_water_bricks, uniq_pikel
D:9:      layout_small_grid, bloody_trog, gammafunk_ghost_split, minivault_25,
          hangedman_decor_opposing, grunt_ogre_cave, palyth_stone_intersect
D:10:     layout_roguey, dpeg_oklobed_lair, serial_shops,
          nicolae_shop_competitors_out_of_business, shop,
          nicolae_shop_behind_doors, nicolae_shop_stone, serial_bayou_pond_e,
          kennysheep_small_circle
D:11:     layout_rooms, uniq_maurice
D:12:     layout_loops_corners, orc_0_dummy, serial_shops, shop
D:13:     layout_stronghold, hangedman_vaults_entry_quadrant_bands,
          uniq_josephine, uniq_snorg, uniq_rupert
Temple:   regret_index_temple_chain_breaker

Skill      XL: |  1  2  3  4  5  6  7  8  9 10 11 12 13 |
---------------+----------------------------------------+-----
Slings         | 6 7 8 9 11 12 14 | 14.3
Stealth        | 2 3 |  3.0
Fighting       | 2 3 5 6 7 |  7.2
Dodging        | 3 6 8 10 11 | 11.9
Armour         | 2 3 6 8 |  8.2
Maces & Flails | 2 3 5 8 9 |  9.8
Evocations     | 3 5 |  5.4

Action                   |  1- 3 |  4- 6 |  7- 9 | 10-12 | 13-15 || total
-------------------------+-------+-------+-------+-------+-------++-------
Melee: Short sword       |    19 |       |       |       |       ||    19
       Dagger            |    49 |    83 |       |       |       ||   132
       Mace              |       |     3 |   187 |   566 |   102 ||   858
       Unarmed           |       |       |       |     4 |       ||     4
 Fire: Hunting sling     |       |    50 |   141 |   288 |    36 ||   515
Throw: Stone             |       |       |       |     1 |     9 ||    10
  Use: Scroll            |       |     3 |     2 |    12 |       ||    17
       Potion            |       |     1 |       |       |       ||     1
 Stab: Sleeping          |     1 |     4 |     7 |     6 |       ||    18
       Distracted        |       |       |       |     8 |     1 ||     9
Armor: Leather armour    |    15 |    10 |    40 |   143 |    15 ||   223
Dodge: Dodged            |    48 |    68 |   177 |   634 |    92 ||  1019

Table legend: (Time is in decaauts)
 A = Elapsed time spent in this place.
 B = Non-inter-level travel time spent in this place.
 C = Inter-level travel time spent in this place.
 D = Time resting spent in this place.
 E = Time spent auto-exploring this place.
 F = Levels seen in this place.
 G = Mean time per level.
                   A        B        C        D        E       F      G
               +--------+--------+--------+--------+--------+-----+--------+
         Total |  16805 |  15597 |   1208 |   2703 |   6152 |  14 | 1200.4 |
       Dungeon |  16405 |  15217 |   1188 |   2703 |   6016 |  13 | 1261.9 |
        Temple |    399 |    379 |     20 |      0 |    136 |   1 |  399.0 |
               +--------+--------+--------+--------+--------+-----+--------+

Top non-repeatable levels by time:
     D:3: 1808 daAuts
     D:2: 1798 daAuts
     D:1: 1648 daAuts
    D:12: 1637 daAuts
    D:10: 1399 daAuts
     D:7: 1312 daAuts
     D:4: 1290 daAuts
     D:8: 1278 daAuts
     D:9: 994 daAuts
    D:11: 890 daAuts
     D:5: 869 daAuts
    D:13: 768 daAuts
     D:6: 708 daAuts
  Temple: 399 daAuts
